 Dungeon Crawl Stone Soup version 0.29-a0-371-g91724d5b39 (webtiles) character file.

Game seed: 8747196098880608752

1234 sammy202020 the Skirmisher (level 8, -2/97 HPs)
             Began as a Demonspawn Berserker on May 2, 2022.
             Was a Believer of Trog.
             Slain by a gnoll sergeant
             ... wielding a +3 trident of venom
              (11 damage)
             ... on level 7 of the Dungeon.
             The game lasted 00:10:32 (8198 turns).

sammy202020 the Skirmisher (Demonspawn Berserker)   Turns: 8198, Time: 00:10:33

Health: -2/97      AC: 14    Str: 25    XL:     8   Next: 24%
Magic:  8/8        EV:  9    Int: 10    God:    Trog [**....]
Gold:   259        SH:  0    Dex: 12    Spells: 7/7 levels left

rFire   . . .      SeeInvis .   a - +1 hand axe
rCold   . . .      Faith    .   (no shield)
rNeg    . . .      Spirit   .   A - +0 chain mail
rPois   .          Reflect  .   B - +0 helmet
rElec   .          Harm     .   (no cloak)
rCorr   +          Rampage  .   (no gloves)
Will    ++...                   (no boots)
Stlth   ..........              (no amulet)
HPRegen 1.26/turn               h - ring of resist corrosion
MPRegen 0.11/turn               w - +6 ring of strength

@: berserking, lethally poisoned (-2 -> -17), strong-willed, regenerating, very
quick
A: slimy green scales 2, powered by pain 1, shaggy fur 1, MP-powered wands
a: Renounce Religion, Berserk, Trog's Hand


You were on level 7 of the Dungeon.
You worshipped Trog.
Trog was pleased with you.
You visited 1 branch of the dungeon, and saw 7 of its levels.

You collected 259 gold pieces.

Inventory:

Hand Weapons
 a - a +1 hand axe (weapon)
 k - a +0 mace
 o - a +0 flail
 u - a +0 hunting sling
 D - a +0 dagger
Missiles
 f - 13 boomerangs (quivered)
 n - 3 throwing nets
 E - 4 javelins
Armour
 A - a +0 chain mail (worn)
 B - a +0 helmet (worn)
Jewellery
 h - a ring of resist corrosion (left hand)
 p - a ring of magical power
 w - a +6 ring of strength (right hand)
Wands
 q - a wand of iceblast (5)
 x - a wand of mindburst (12)
 y - a wand of acid (6)
Scrolls
 b - 3 scrolls of enchant weapon
 m - 4 scrolls of amnesia
 r - a scroll of blinking
 t - a scroll of magic mapping
 z - a scroll of vulnerability
 C - a scroll of identify
 F - a scroll of fear {unknown}
 G - a scroll of silence
Potions
 c - a potion of attraction
 d - a potion of mutation
 e - 4 potions of curing
 g - a potion of berserk rage
 i - a potion of resistance {unknown}
 j - a potion of degeneration {unknown}
 l - a potion of haste
 s - 2 potions of lignification
 v - 2 potions of flight {unknown}


   Skills:
 * Level 6.4 Fighting
 * Level 5.8 Axes
 + Level 4.1 Armour
 + Level 4.0 Dodging


You had 7 spell levels left.
You didn't know any spells.
Your spell library was empty.

Dungeon Overview and Level Annotations

Branches:
Dungeon (7/15)             Temple (0/1) D:5

Altars:
Fedhas
Nemelex Xobeh
Uskayaw
Xom


Innate Abilities, Weirdness & Mutations

You are mostly covered in slimy green scales. (AC +3)
You sometimes gain a little power by taking damage.
You are covered in fur. (AC +1)
You expend magic power (3 MP) to strengthen your wands.


Message History

Your skin crawls.
You feel strong-willed.
You feel very sick. The gnoll hits you with a +0 flail.
The gnoll sergeant barely misses you.
A gnoll comes into view. It is wielding a +0 whip.
A red film seems to cover your vision as you go berserk!
You feel yourself moving faster!
You feel mighty!
You feel very sick.
The gnoll shouts!
The gnoll hits you but does no damage.
The gnoll sergeant hits you but does no damage.
You are more poisoned.
You slash the gnoll!
You kill the gnoll!
Trog accepts your kill.
You feel very sick. The gnoll sergeant barely misses you.
A gnoll comes into view. It is wielding a +0 halberd.
You feel sick.
The gnoll sergeant hits you with a +3 trident of venom.
* * * LOW HITPOINT WARNING * * *
You are more poisoned.
The gnoll hits you but does no damage.
Things that are here:
a +0 flail; a +0 trident; a +0 chain mail You completely miss the gnoll sergeant.
You feel very sick.
You hit the gnoll sergeant.
The gnoll sergeant is lightly wounded.
You feel very sick.
The gnoll sergeant hits you with a +3 trident of venom!
* * * LOW HITPOINT WARNING * * *
You are lethally poisoned!
The gnoll barely misses you.
You slash the gnoll sergeant!
The gnoll sergeant is moderately wounded.
* * * LOW HITPOINT WARNING * * *
You feel very sick.
The gnoll sergeant hits you with a +3 trident of venom!
You die...

#..#..# #.# #..#..# #.#
#..#..#####.#######
.<.###<.#..#............
.(.....:.......##.#####..
....###..#.....##.#####.#.
.. ###.........).).......
............##..####.#)
#####....).gg@..#
######.g###)# #..# #)#
#..# #)# .# #)# .# #)# #.#
... #..##


You could see a gnoll sergeant and 2 gnolls.

Vanquished Creatures
  An ice beast (D:6)
  An orc warrior (D:7)
  A sky beast (D:6)
  A black bear (D:5)
  3 phantoms
  A necrophage (D:5)
  A hound (D:6)
  Natasha (twice) (D:3)
  An iguana (D:5)
  2 orc wizards
  Terence (D:3)
  17 adders
  9 gnolls
  A white imp (D:6)
  An ufetubus (D:5)
  3 worms
  5 dart slugs
  15 orcs
  3 bats
  5 endoplasms
  8 giant cockroaches
  9 hobgoblins
  5 jackals
  6 quokkas
  13 ball pythons
  5 frilled lizards
  3 goblins
  13 kobolds
  6 rats
142 creatures vanquished.

Notes
Turn   | Place    | Note
-------+----------+-------------------------------------------
     0 | D:1      | sammy202020 the Demonspawn Berserker began the quest for
                  | the Orb.
     0 | D:1      | Reached XP level 1. HP: 18/18 MP: 1/1
   315 | D:1      | Gained mutation: You are partially covered in slimy green
                  | scales. (AC +2) [demonic ancestry]
   315 | D:1      | Reached XP level 2. HP: 12/24 MP: 2/2
  1022 | D:1      | Reached XP level 3. HP: 27/29 MP: 3/3
  1323 | D:2      | Reached ** piety under Trog
  1652 | D:2      | Gained mutation: You are mostly covered in slimy green
                  | scales. (AC +3) [demonic ancestry]
  1652 | D:2      | Reached XP level 4. HP: 37/37 MP: 4/4
  1778 | D:2      | Reached skill level 4 in Fighting
  2135 | D:2      | Gained mutation: You are covered in fur. (AC +1) [potion of
                  | mutation]
  2135 | D:2      | Gained mutation: You expend magic power (3 MP) to
                  | strengthen your wands. [potion of mutation]
  2428 | D:2      | Reached XP level 5. HP: 19/42 MP: 5/5
  2774 | D:3      | Noticed Natasha
  2789 | D:3      | Killed Natasha
  3461 | D:3      | Noticed Terence
  3473 | D:3      | Killed Terence
  3893 | D:3      | Found a faded altar of an unknown god.
  4014 | D:3      | Found a hide-covered altar of Uskayaw.
  4107 | D:3      | Noticed Natasha
  4116 | D:3      | Killed Natasha
  4117 | D:3      | Reached XP level 6. HP: 34/49 MP: 6/6
  4217 | D:3      | You fall into a shaft and drop 1 floor!
  5395 | D:4      | Found a shimmering altar of Xom.
  5407 | D:4      | Found a blossoming altar of Fedhas.
  6073 | D:5      | Entered Level 5 of the Dungeon
  6107 | D:5      | Found a sparkling altar of Nemelex Xobeh.
  6119 | D:5      | Reached skill level 5 in Fighting
  6218 | D:5      | Found a staircase to the Ecumenical Temple.
  6534 | D:5      | Gained mutation: You sometimes gain a little power by
                  | taking damage. [demonic ancestry]
  6534 | D:5      | Reached XP level 7. HP: 34/56 MP: 7/7
  7000 | D:6      | Reached skill level 5 in Axes
  7556 | D:6      | Reached skill level 6 in Fighting
  7639 | D:6      | Reached XP level 8. HP: 45/64 MP: 8/8
  8189 | D:7      | Reached *** piety under Trog
  8198 | D:7      | Slain by a gnoll sergeant

Illustrated notes

Levels and vault maps discovered:
D:1:      amcnicky_arrival_underground_garden, layout_loops_ring
D:2:      layout_loops_ring, amcnicky_mini_rare_corridor_liquid
D:3:      layout_basic, nicolae_uskayaw_suspiria, ebering_ecumenical_altar_mist,
          uniq_terence, uniq_natasha
D:4:      layout_loops_corners, amethyst_overflow_temple_binary
D:5:      layout_loops_ring, nemelex_diamond_rough_becter,
          minmay_temple_entry_hall, guppyfry_early_lair_pool
D:6:      layout_loops_ring
D:7:      layout_loops_ring, enter_bailey_3

Skill      XL: |  1  2  3  4  5  6  7  8 |
---------------+-------------------------+-----
Armour         | 2 3 4 |  4.1
Axes           | 3 4 5 |  5.8
Dodging        | 2 3 4 |  4.0
Fighting       | 4 5 6 |  6.4

Action                   |  1- 3 |  4- 6 |  7- 9 || total
-------------------------+-------+-------+-------++-------
Melee: Hand axe          |   122 |   292 |   153 ||   567
       Punch             |     1 |     7 |     2 ||    10
Invok: Berserk           |       |     4 |     2 ||     6
       Trog's Hand       |       |     2 |     3 ||     5
  Use: Scroll            |     3 |     9 |     2 ||    14
       Potion            |       |     1 |       ||     1
 Stab: Sleeping          |     1 |     1 |       ||     2
Armor: Animal skin       |    34 |    11 |       ||    45
       Scale mail        |       |   101 |       ||   101
       Leather armour    |       |    23 |       ||    23
       Chain mail        |       |    19 |    97 ||   116
Dodge: Dodged            |    95 |   192 |    51 ||   338

Table legend: (Time is in decaauts)
 A = Elapsed time spent in this place.
 B = Non-inter-level travel time spent in this place.
 C = Inter-level travel time spent in this place.
 D = Time resting spent in this place.
 E = Time spent auto-exploring this place.
 F = Levels seen in this place.
 G = Mean time per level.
                   A        B        C        D        E       F      G
               +--------+--------+--------+--------+--------+-----+--------+
         Total |   8307 |   8253 |     54 |   1077 |   5865 |   7 | 1186.7 |
       Dungeon |   8307 |   8253 |     54 |   1077 |   5865 |   7 | 1186.7 |
               +--------+--------+--------+--------+--------+-----+--------+

Top non-repeatable levels by time:
     D:3: 2167 daAuts
     D:2: 1460 daAuts
     D:1: 1332 daAuts
     D:4: 1208 daAuts
     D:6: 1015 daAuts
     D:5: 910 daAuts
     D:7: 212 daAuts
